 Dungeon Crawl Stone Soup version 0.26-a0-1025-g006ef2cfcc (webtiles) character file.

Game seed: 3221875441869917855

311918 KristoblXynda the Acrobat (level 20, -18/105 HPs)
             Began as a Spriggan Berserker on Dec 9, 2020.
             Was the Champion of Trog.
             Killed from afar by a shadow dragon (37 damage)
             ... with a bolt of negative energy
             ... on level 5 of the Depths.
             The game lasted 02:07:37 (55312 turns).

KristoblXynda the Acrobat (Spriggan Berserker)     Turns: 55312, Time: 02:07:38

Health: -18/105    AC:  8    Str: 18    XL:     20   Next: 43%
Magic:  7/7        EV: 40    Int: 13    God:    Trog [******]
Gold:   2498       SH: 15    Dex: 26    Spells: 19/19 levels left

rFire    + + .     SeeInvis +   l - +9 quick blade (antimagic)
rCold    . . .     Faith    .   q - +0 buckler of Cory {*Corrode Will++ Int+4 SInv} (curse)
rNeg     . . .     Spirit   .   M - +1 troll leather armour
rPois    +         Reflect  +   H - +1 hat "Yrphafidgh" {rPois rF++ Int-5 Dex+2}
rElec    .         Harm     .   t - scarf {repulsion}
rCorr    .         Rampage  .   (gloves unavailable)
Will     +++++                  (boots unavailable)
Stlth    ++++++++..             v - amulet of Duxzon {Reflect Will- Str+4 Slay+4 SH+5}
HPRegen  0.67/turn              o - ring of willpower
MPRegen  0.10/turn              n - +6 ring of dexterity

@: lethally poisoned (-18 -> -18), marked, berserk cooldown, slowed, studying
Armour, drained, repel missiles, quick
A: very small, unfitting armour, see invisible, speed 3
}: 2/15 runes: barnacled, gossamer
a: Berserk, Trog's Hand, Brothers in Arms, Renounce Religion


You were on level 5 of the Depths.
You worshipped Trog.
Trog was exalted by your worship.
You visited 7 branches of the dungeon, and saw 36 of its levels.
You also visited: Ice Cave and Volcano.

You collected 4182 gold pieces.
You spent 1684 gold pieces at shops.

Inventory:

Hand Weapons
 l - a +9 antimagic quick blade (weapon)
 P - the +8 Wrath of Trog {antimagic, *Rage}
   (You found it on level 2 of the Depths)

   It reduces the magical energy of the wielder, and disrupts the spells and
   magical abilities of those hit.
   Natural abilities and divine invocations are not affected.
   It may make you go berserk in combat.
 T - the +5 short sword of the Enchanted Forest {flame, Dex+7}
   (Trog gifted it to you on level 2 of the Depths)

   It has been specially enchanted to burn those struck by it, causing extra
   injury to most foes and up to half again as much damage against particularly
   susceptible opponents.
   It affects your dexterity (+7).
Armour
 h - +0 shadow dragon scales
 q - the cursed +0 buckler of Cory (worn) {*Corrode Will++ Int+4 SInv}
   (You found it on level 1 of the Shoals)

   It affects your intelligence (+4).
   It affects your willpower, your defense against some magical effects.
   It lets you see invisible.
   It may corrode you when you take damage.
   It has a curse placed upon it.
 t - a scarf of repulsion (worn)
 H - the +1 hat "Yrphafidgh" (worn) {rPois rF++ Int-5 Dex+2}
   (You found it on level 5 of the Lair of Beasts)

   It affects your intelligence (-5).
   It affects your dexterity (+2).
   It greatly protects you from fire.
   It protects you from poison.
 M - a +1 troll leather armour (worn)
 Q - +0 fire dragon scales
 V - +0 storm dragon scales
Jewellery
 n - a +6 ring of dexterity (right hand)
 o - a ring of willpower (left hand)
 u - a +4 ring of evasion {unknown}
 v - the amulet of Duxzon (around neck) {Reflect Will- Str+4 Slay+4 SH+5}
   (You acquired it on level 3 of the Lair of Beasts)

   [amulet of reflection]

   It shields you and reflects attacks.
   It affects your strength (+4).
   It affects your accuracy and damage with ranged weapons and melee attacks
   (+4).
   It affects your willpower, your defense against some magical effects.
   It affects your SH (+5).
 O - a +6 ring of intelligence
 S - the amulet "Myw Siwu" {Reflect rC+ MP-9 Slay+3 SH+5 Stlth+}
   (You found it on level 2 of the Depths)

   [amulet of reflection]

   It shields you and reflects attacks.
   It affects your accuracy and damage with ranged weapons and melee attacks
   (+3).
   It protects you from cold.
   It affects your magic capacity (-9).
   It affects your SH (+5).
   It makes you more stealthy.
Wands
 p - a wand of acid (16)
 x - a wand of digging (6)
 B - a wand of disintegration (7)
 E - a wand of paralysis (13)
 G - a wand of iceblast (1)
Scrolls
 b - 4 scrolls of identify
 d - 15 scrolls of remove curse
 f - 13 scrolls of amnesia
 k - 13 scrolls of teleportation
 s - 6 scrolls of magic mapping
 A - 2 scrolls of fear
 C - 6 scrolls of enchant armour
 D - 5 scrolls of immolation
 F - 3 scrolls of holy word
 J - a scroll of blinking
 R - a scroll of silence
Potions
 a - 9 potions of resistance
 c - 6 potions of flight
 e - 7 potions of brilliance
 g - 6 potions of lignification
 i - 5 potions of haste
 j - 12 potions of curing
 m - 6 potions of invisibility
 r - 6 potions of might
 w - 3 potions of cancellation
 z - 10 potions of ambrosia
 I - 2 potions of magic
 L - 5 potions of mutation
Books
 y - a manual of Armour
Miscellaneous
 K - a tin of tremorstones (2/2)
 N - a lightning rod (4/4)
 U - a condenser vane


   Skills:
 + Level 11.1(10.3) Fighting
 + Level 19.1(18.2) Short Blades
 + Level 14.0(13.1) Armour
 + Level 23.5(22.5) Dodging
 - Level 20.0(19.0) Stealth
 - Level 9.0(8.2) Shields
 - Level 10.1(9.3) Evocations


You had 19 spell levels left.
You didn't know any spells.
Your spell library contained the following spells:

 Spells                   Type           Power        Failure   Level
 Animate Skeleton         Necr           #.....       34%         1
 Apportation              Tloc           #.....       34%         1
 Beastly Appendage        Tmut           #.....       34%         1
 Corona                   Hex            #......      34%         1
 Foxfire                  Conj/Fire      #...         34%         1
 Magic Dart               Conj           #...         34%         1
 Sandblast                Erth           #.....       34%         1
 Shock                    Conj/Air       #...         34%         1
 Sting                    Tmut/Pois      #...         34%         1
 Summon Small Mammal      Summ           #...         34%         1
 Call Imp                 Summ           #.......     45%         2
 Ensorcelled Hibernation  Hex/Ice        #.....       45%         2
 Passwall                 Tmut/Erth      #.......     45%         2
 Poisonous Vapours        Pois/Air       #.....       45%         2
 Searing Ray              Conj           #.....       45%         2
 Swiftness                Air            #.......     45%         2
 Wereblood                Tmut           #.......     45%         2
 Call Canine Familiar     Summ           #.......     71%         3
 Confusing Touch          Hex            #.......     71%         3
 Conjure Flame            Conj/Fire      #.......     71%         3
 Dazzling Flash           Conj/Hex       #.....       71%         3
 Ignite Poison            Fire/Tmut/Pois #.......     71%         3
 Inner Flame              Hex/Fire       #.......     71%         3
 Mephitic Cloud           Conj/Pois/Air  #.......     71%         3
 Spider Form              Tmut/Pois      #.........   71%         3
 Static Discharge         Conj/Air       #.......     71%         3
 Stone Arrow              Conj/Erth      #.....       71%         3
 Summon Guardian Golem    Hex/Summ       #.......     71%         3
 Tukima's Dance           Hex            #.......     71%         3
 Airstrike                Air            #.........   98%         4
 Cause Fear               Hex            #.........   98%         4
 Fulminant Prism          Conj/Hex       #.........   98%         4
 Ice Form                 Ice/Tmut       #.......     98%         4
 Iskenderun's Mystic Bla  Conj/Tloc      #.......     98%         4
 Olgreb's Toxic Radiance  Pois           #.......     98%         4
 Passage of Golubria      Tloc           N/A          98%         4
 Petrify                  Tmut/Erth      #.......     98%         4
 Sticky Flame             Conj/Fire      #.......     98%         4
 Summon Ice Beast         Ice/Summ       #.......     98%         4
 Summon Lightning Spire   Summ/Air       #.......     98%         4
 Blade Hands              Tmut           #.........   100%        5
 Borgnjor's Vile Clutch   Necr/Erth      #.........   100%        5
 Fireball                 Conj/Fire      #.........   100%        5
 Lee's Rapid Deconstruct  Erth           #.........   100%        5
 Lightning Bolt           Conj/Air       #.........   100%        5
 Silence                  Hex/Air        #.........   100%        5
 Yara's Violent Unravell  Hex/Tmut       #.........   100%        5
 Invisibility             Hex            #.......     100%        6
 Iron Shot                Conj/Erth      #.........   100%        6
 Shadow Creatures         Summ           N/A          100%        6
 Statue Form              Tmut/Erth      #........    100%        6
 Discord                  Hex            #.........   100%        8


Dungeon Overview and Level Annotations

Branches:
Dungeon (15/15)            Temple (1/1) D:7            Lair (6/6) D:10
 Shoals (4/4) Lair:4       Spider (4/4) Lair:2        Slime (0/5) Lair:6
    Orc (2/2) D:12            Elf (0/3) Orc:2        Vaults (0/5) D:14
 Depths (3/5) D:15            Zot (0/5) Depths:5      IceCv (visited)
Volcano (visited)

Altars:
Ashenzari
Cheibriados
Dithmenos
Elyvilon
Fedhas
Gozag
Hepliaklqana
Kikubaaqudgha
Makhleb
Nemelex Xobeh
Okawaru
Qazlal
Ru
Sif Muna
Trog
Uskayaw
Vehumet
Wu Jian
Xom
Yredelemnul
Zin
The Shining One
Beogh
Jiyva

Shops:
D:7 [   D:13 ?   D:15 !   Orc:2 =?([   Shoals:1 [   Shoals:2 !   Shoals:4 }

Portals:
Hell: Depths:1 Depths:2 Depths:5
Abyss: Depths:5
Ziggurat: Depths:5

Annotations:
Lair:4 exclusion: 5 oklob plants


Innate Abilities, Weirdness & Mutations

You are very small and have problems with some larger weapons.
You are too small for most types of armour.
You have supernaturally acute eyesight. (SInv)
You cover ground extremely quickly.


Message History

You feel sick.
You feel sick.
You feel sick.
You feel sick.
You feel sick.
The shadow dragon breathes negative energy at you.
The bolt of negative energy is repelled.
You feel sick.
You see here a +0 hand axe.
You feel sick.
You feel sick.
Evoke which item? (* to show all) (? for menu, Esc to quit)
Aiming: Paralyse
Press: ? - help, Shift-Dir - straight line, f - shadow dragon
Aim: a shadow dragon (chance to affect: 3%)
The shadow dragon resists with almost no effort.
You feel sick.
The shadow dragon breathes negative energy at you.
The bolt of negative energy hits you!!!
You feel drained.
You die...

.#
########.#####....###
.# ###.........###.....
.#
###.............#####.
########
##.....#######.)...###.
.......# ##....###
###....##. †...∩..#
#....## ##)...##
.......###..))D##
##.....##
.......##...#...##
##...#...#
...D...##..###.:@##
##...###..#
.......#...# ##...##
##...## #...
.Q....*#..##
##...###...## ##..
######.#Q.# ##.''#''.##
#.. #.#..# ##'...'##
#.. #....# ##.∩.## #).
###..# ##'...'## #..
#..# ##.''#''.## #..
#..## ##...###...##
##..


You could see a shadow dragon (catching breath).

Vanquished Creatures
  Nikola (Shoals:4)
  A golden dragon (Depths:5)
  Arachne (Spider:2)
  A lich (Depths:2)
  Jorgrun (Spider:2)
  Rupert (Orc:2)
  A sphinx (Depths:2)
  Kirke (D:12)
  2 shadow dragons (Depths:5)
  2 storm dragons (Depths:5)
  Donald (Spider:3)
  A deep elf sorcerer (Depths:5)
  4 frost giants
  4 ghost moths
  Louise (Shoals:1)
  3 emperor scorpions
  Aizul (Shoals:2)
  6 fire giants
  2 draconian annihilators (Depths:5)
  2 green draconians (Depths:5)
  9 stone giants
  3 very ugly things (Depths:5)
  2 vampire knights
  A black draconian (Depths:5)
  3 red draconians (Depths:5)
  3 entropy weavers
  3 spark wasps
  A yellow draconian (Depths:5)
  5 merfolk javelineers
  4 ettins
  Josephine (Shoals:1)
  9 fire dragons
  5 merfolk impalers
  A yaktaur captain (Depths:5)
  4 great orbs of eyes
  3 ice dragons
  5 rakshasas
  5 hydras
  Harold (Orc:1)
  7 boulder beetles
  A spriggan air mage (Depths:2)
  9 deep troll shamans
  6 centaur warriors
  A catoblepas (Lair:3)
  3 alligator snapping turtles
  5 merfolk avatars
  A death knight (D:15)
  5 merfolk aquamancers
  A satyr (Shoals:3)
  4 ogre magi
  13 two-headed ogres
  4 deep troll earth magi
  7 tengu warriors
  2 vampire magi (Depths:1)
  5 death yaks
  4 spriggan berserkers (Depths:2)
  3 orc high priests (Orc:2)
  A soul eater (Depths:1)
  A salamander mystic (Depths:1)
  An iron troll (Depths:1)
  7 slime creatures
  2 fire crabs (Shoals:3)
  19 sea snakes
  22 deep trolls
  A glowing orange brain (shapeshifter) (Depths:2)
  An unseen horror (shapeshifter) (Depths:1)
  3 skeletal warriors (D:15)
  2 unseen horrors
  A flayed ghost (D:15)
  2 glowing orange brains
  A wizard (D:14)
  Pikel (D:7)
  2 lindwurms (Volcano)
  2 phantasmal warriors (Depths:5)
  4 necromancers
  4 orc knights
  An oklob plant (Shoals:3)
  4 orc sorcerers (Orc:2)
  25 wolf spiders
  3 deep elf magi
  9 wolf spider zombies (Spider:2)
  28 ugly things
  11 orb spiders
  4 fauns
  15 harpies
  5 cyclopes
  A frost giant zombie (Depths:1)
  4 salamanders (Depths:1)
  8 manticores
  11 merfolk sirens
  2 moths of wrath
  A guardian serpent (shapeshifter) (Depths:5)
  A frost giant skeleton (D:15)
  9 elephants (Lair:6)
  An ice statue (IceCv)
  6 molten gargoyles (Volcano)
  3 black mambas
  A gargoyle (D:12)
  2 spriggan zombies
  4 torpor snails
  3 centaur skeletons
  11 water nymphs
  Maggie (D:8)
  27 cane toads
  A kobold demonologist (D:15)
  10 komodo dragons
  3 freezing wraiths
  A rime drake (Lair:4)
  13 yaktaurs
  3 efreet (Volcano)
  20 demonic crawlers
  9 redback zombies (Spider:2)
  34 merfolk
  2 tengu conjurers
  A wind drake (shapeshifter) (Depths:2)
  25 jumping spiders
  A merfolk (shapeshifter) (Depths:1)
  3 trolls
  3 tyrant leeches (Lair:6)
  A jumping spider (shapeshifter) (Depths:1)
  A queen bee (Lair:5)
  7 hornets
  3 meliai (Lair:5)
  16 polar bears
  5 wind drakes
  16 snapping turtles
  8 tarantella zombies (Spider:2)
  Prince Ribbit (D:8)
  An ice dragon zombie (D:15)
  20 blink frogs
  A harpy skeleton (D:13)
  7 dream sheep
  3 shadows
  Sigmund (D:3)
  23 tarantellas
  89 redbacks
  24 water elementals
  38 yaks
  A vampire (D:15)
  2 ettin skeletons
  4 wraiths
  A basilisk (shapeshifter) (Depths:2)
  2 fire bats (Shoals:4)
  6 wyverns
  6 fire elementals (Volcano)
  4 basilisks
  3 hogs (D:12)
  9 vampire mosquitoes
  A steam dragon (Lair:2)
  A warg (Orc:1)
  Menkaure (D:7)
  2 acid dragons (D:12)
  A hell hound (Depths:1)
  22 water moccasins
  A floating eye (Depths:1)
  2 ice beasts
  26 orc warriors
  15 ogres
  2 phantoms
  4 sky beasts
  5 black bears
  An eye of draining (D:11)
  A deep troll simulacrum (Depths:1)
  21 wolves
  8 centaurs
  24 bullfrogs
  2 big kobolds (D:15)
  A wyvern skeleton (D:6)
  12 scorpions
  3 wights (D:11)
  8 electric eels
  23 killer bees
  7 howler monkeys
  2 crimson imps (Depths:1)
  2 centaur zombies
  7 hounds
  3 jellies
  Crazy Yiuf (D:2)
  A gnoll shaman (D:5)
  22 orc priests
  5 iguanas
  Natasha (thrice) (D:2)
  27 orc wizards
  9 worker ants
  3 hound skeletons
  A hound zombie (D:6)
  A howler monkey zombie (D:8)
  A worker ant zombie (D:11)
  12 gnolls
  12 adders
  3 shadow imps
  4 white imps
  4 ufetubi
  An ooze (D:4)
  An adder zombie (D:5)
  2 worms
  4 dart slugs
  4 leopard geckos
  98 orcs
  5 giant cockroaches
  8 goblins
  8 hobgoblins
  6 jackals
  17 kobolds
  8 quokkas
  2 ball pythons
  4 bats
  5 frilled lizards
  A quokka zombie (D:7)
  10 rats
  A fire vortex (Volcano)
1398 creatures vanquished.

Vanquished Creatures (collateral kills)
  Ilsuiw (Shoals:2)
  Roxanne (Shoals:1)
  A merfolk impaler (Shoals:1)
  2 polar bears (IceCv)
  A snapping turtle (Shoals:1)
  2 wolves (IceCv)
  A killer bee (Lair:5)
9 creatures vanquished.

Vanquished Creatures (others)
  A fire dragon (Depths:2)
  A redback (Spider:1)
  A centaur (D:12)
  A bullfrog (D:11)
  2 orcs
  A bush (Lair:6)
  48 fungi
  195 plants
  12 withered plants
262 creatures vanquished.

Grand Total: 1669 creatures vanquished

Notes
Turn   | Place    | Note
-------+----------+-------------------------------------------
     0 | D:1      | KristoblXynda the Spriggan Berserker began the quest for
                  | the Orb.
     0 | D:1      | Reached XP level 1. HP: 11/11 MP: 2/2
    79 | D:1      | Reached skill level 1 in Stealth
    79 | D:1      | Reached XP level 2. HP: 14/16 MP: 3/3
   591 | D:1      | Reached skill level 5 in Dodging
   591 | D:1      | Reached XP level 3. HP: 19/19 MP: 4/4
   689 | D:1      | Found a broken altar of Ashenzari.
   990 | D:2      | Noticed Natasha
   992 | D:2      | Reached ** piety under Trog
   999 | D:2      | Killed Natasha
  1000 | D:2      | Reached XP level 4. HP: 21/23 MP: 5/5
  1490 | D:2      | Noticed Natasha
  1497 | D:2      | Killed Natasha
  1774 | D:2      | Found a runed translucent door.
  1775 | D:2      | Noticed Crazy Yiuf
  1838 | D:2      | Found a faded altar of an unknown god.
  1959 | D:2      | Noticed Natasha
  1966 | D:2      | Killed Natasha
  1967 | D:2      | Reached XP level 5. HP: 28/28 MP: 6/6
  2332 | D:2      | Killed Crazy Yiuf
  2787 | D:3      | Reached skill level 6 in Dodging
  2828 | D:3      | Noticed Sigmund
  2841 | D:3      | Reached *** piety under Trog
  2853 | D:3      | Killed Sigmund
  2854 | D:3      | Reached XP level 6. HP: 33/33 MP: 7/7
  2977 | D:3      | Reached skill level 5 in Stealth
  2986 | D:3      | Reached skill level 5 in Short Blades
  4033 | D:4      | Reached XP level 7. HP: 37/37 MP: 8/8
  4071 | D:4      | Reached skill level 7 in Dodging
  4989 | D:5      | Entered Level 5 of the Dungeon
  5281 | D:5      | Reached **** piety under Trog
  5866 | D:5      | Found a shadowy altar of Dithmenos.
  6486 | D:6      | Reached skill level 8 in Dodging
  6486 | D:6      | Reached XP level 8. HP: 41/42 MP: 9/9
  7531 | D:6      | Reached skill level 5 in Fighting
  7825 | D:7      | Reached skill level 9 in Dodging
  8007 | D:7      | Found a hazy altar of Hepliaklqana.
  8012 | D:7      | Noticed Pikel
  8031 | D:7      | Killed Pikel
  8032 | D:7      | Reached XP level 9. HP: 47/47 MP: 10/10
  8158 | D:7      | Found Omiut's Antique Armour Shoppe.
  8162 | D:7      | Bought a dazzling cloak for 199 gold pieces
  8172 | D:7      | Identified the +1 cloak of the Baker {-Cast rC++ rN+
                  | Stlth+} (You bought it in a shop on level 7 of the Dungeon)
  8250 | D:7      | Reached ***** piety under Trog
  8372 | D:7      | Noticed Menkaure
  8377 | D:7      | Killed Menkaure
  8583 | D:7      | Found a staircase to the Ecumenical Temple.
  8595 | Temple   | Entered the Ecumenical Temple
  8904 | D:7      | Reached skill level 10 in Dodging
  9202 | D:8      | Found an ancient bone altar of Kikubaaqudgha.
  9215 | D:8      | Noticed Maggie
  9419 | D:8      | Noticed Prince Ribbit
  9429 | D:8      | Killed Prince Ribbit
  9430 | D:8      | Reached skill level 10 in Stealth
  9604 | D:7      | Reached skill level 5 in Evocations
  9695 | D:8      | Noticed a two-headed ogre
  9729 | D:8      | Killed a two-headed ogre
  9730 | D:8      | Reached skill level 11 in Dodging
  9946 | D:8      | Reached XP level 10. HP: 51/51 MP: 11/11
  9995 | D:8      | Found a roughly hewn altar of Beogh.
 10037 | D:8      | Killed Maggie
 11116 | D:9      | Received a gift from Trog
 11417 | D:9      | Found a glowing golden altar of the Shining One.
 11607 | D:9      | Noticed a boulder beetle
 11614 | D:9      | Killed a boulder beetle
 11954 | D:10     | Entered Level 10 of the Dungeon
 11961 | D:10     | Reached skill level 12 in Dodging
 12139 | D:10     | Found a staircase to the Lair.
 12986 | D:11     | Noticed a red ugly thing
 12988 | D:11     | Killed a red ugly thing
 12989 | D:11     | Reached XP level 11. HP: 55/55 MP: 12/12
 13148 | D:11     | Reached skill level 10 in Short Blades
 14031 | D:12     | Received a gift from Trog
 14039 | D:12     | Got a twisted rapier {god gift}
 14041 | D:12     | Identified the +1 rapier of the Tired Orbs {vorpal, Int+4}
                  | (Trog gifted it to you on level 12 of the Dungeon)
 14121 | D:12     | Found a staircase to the Orcish Mines.
 14475 | D:12     | Noticed Kirke
 14487 | D:12     | Reached skill level 13 in Dodging
 14504 | D:12     | Killed Kirke
 15124 | D:12     | Noticed a white ugly thing
 15128 | D:12     | Killed a white ugly thing
 15137 | D:12     | Reached skill level 10 in Evocations
 15276 | D:12     | Noticed a boulder beetle
 15281 | D:12     | Killed a boulder beetle
 15433 | D:12     | Noticed a deep elf mage
 15433 | D:12     | Noticed a centaur warrior
 15433 | D:12     | Noticed a tengu warrior
 15433 | D:12     | Noticed a tengu warrior
 15449 | D:12     | Reached skill level 1 in Armour
 15455 | D:12     | Killed a deep elf mage
 15459 | D:12     | HP: 2/55 [poisoned by a tengu warrior]
 15466 | D:12     | Killed a tengu warrior
 15467 | D:12     | Reached skill level 14 in Dodging
 15469 | D:12     | Killed a tengu warrior
 15470 | D:12     | Reached XP level 12. HP: 35/60 MP: 13/13
 15489 | D:12     | Killed a centaur warrior
 15665 | D:12     | Noticed a centaur warrior
 15673 | D:12     | Killed a centaur warrior
 16091 | D:12     | Noticed a two-headed ogre
 16093 | D:12     | Killed a two-headed ogre
 16532 | D:13     | Reached skill level 15 in Stealth
 16662 | D:13     | Reached ****** piety under Trog
 16767 | D:13     | Found Biudghytt's Magic Scroll Shoppe.
 16793 | D:13     | Noticed a tengu warrior
 16797 | D:13     | Reached skill level 1 in Shields
 16801 | D:13     | Killed a tengu warrior
 17527 | D:14     | Noticed a two-headed ogre
 17530 | D:14     | Noticed a two-headed ogre
 17538 | D:14     | Killed a two-headed ogre
 17539 | D:14     | Reached skill level 15 in Dodging
 17564 | D:14     | Killed a two-headed ogre
 17571 | D:14     | Found a gate to the Vaults.
 17571 | D:14     | Noticed a tengu warrior
 17597 | D:14     | Found a frozen archway.
 17599 | D:14     | Noticed an ice dragon
 17655 | D:14     | Killed an ice dragon
 17665 | D:14     | Received a gift from Trog
 17696 | IceCv    | Entered an ice cave
 18321 | IceCv    | Reached XP level 13. HP: 63/63 MP: 14/14
 18741 | IceCv    | Noticed a frost giant
 18762 | IceCv    | Killed a frost giant
 19577 | D:14     | Reached skill level 5 in Armour
 19584 | D:14     | Reached skill level 16 in Dodging
 20027 | D:14     | Received a gift from Trog
 20030 | D:14     | Got a dazzling short sword {god gift}
 20033 | D:14     | Identified the +6 short sword "Ucepor" {flame, *Drain rPois
                  | Int+3 Dex+5 Stlth-} (Trog gifted it to you on level 14 of
                  | the Dungeon)
 20398 | D:15     | Entered Level 15 of the Dungeon
 20986 | Lair:1   | Entered Level 1 of the Lair of Beasts
 21542 | Lair:1   | Found a hide-covered altar of Uskayaw.
 21995 | Lair:2   | Reached XP level 14. HP: 62/70 MP: 15/15
 22022 | Lair:2   | Reached skill level 5 in Shields
 22183 | Lair:2   | You fall into a shaft and drop 2 floors!
 23313 | Lair:4   | Found a staircase to the Shoals.
 23766 | Lair:3   | Received a gift from Trog
 23860 | Lair:3   | Reached skill level 17 in Dodging
 24291 | Lair:3   | Identified a scroll of acquirement
 24291 | Lair:3   | Acquired the amulet of Duxzon {Reflect Will- Str+4 Slay+4
                  | SH+5}
 24969 | Lair:2   | Found a hole to the Spider Nest.
 27155 | Lair:5   | Found a runed translucent door.
 27174 | Lair:5   | Got a shimmering hat
 27260 | Lair:5   | Identified the +1 hat "Yrphafidgh" {rPois rF++ Int-5 Dex+2}
                  | (You found it on level 5 of the Lair of Beasts)
 27558 | Lair:6   | Entered Level 6 of the Lair of Beasts
 27669 | Lair:6   | Found a staircase to the Slime Pits.
 27669 | Lair:6   | Found a viscous altar of Jiyva.
 27696 | Lair:6   | Received a gift from Trog
 28011 | Lair:6   | Reached XP level 15. HP: 77/77 MP: 16/16
 28641 | Lair:6   | Reached skill level 18 in Dodging
 29295 | Lair:6   | Received a gift from Trog
 29517 | Orc:1    | Entered Level 1 of the Orcish Mines
 29625 | Orc:2    | Entered Level 2 of the Orcish Mines
 29725 | Orc:2    | Found a staircase to the Elven Halls.
 30024 | Orc:1    | Found a dark tunnel.
 30026 | Orc:1    | Noticed Harold
 30036 | Volcano  | Entered a volcano
 30700 | Orc:1    | Killed Harold
 31385 | Orc:2    | Noticed Rupert
 31400 | Orc:2    | Killed Rupert
 32123 | Orc:2    | Received a gift from Trog
 32521 | Orc:2    | Found Vuggeo's Jewellery Shop.
 32521 | Orc:2    | Found Nyrgheri's Antique Armour Shoppe.
 32540 | Orc:2    | Found Ubberimu's Magic Scroll Shop.
 32540 | Orc:2    | Found Leefaew's Antique Weapon Shoppe.
 32554 | Orc:2    | Bought 3 scrolls of magic mapping for 126 gold pieces
 32554 | Orc:2    | Bought a scroll of identify for 24 gold pieces
 32554 | Orc:2    | Bought a scroll of enchant armour for 90 gold pieces
 32556 | Orc:2    | Bought the ring "Meuv Qyq" {+Fly rN+ Int+3} for 525 gold
                  | pieces
 33178 | D:7      | Bought an embroidered cloak for 157 gold pieces
 33178 | D:7      | Bought a runed cloak for 157 gold pieces
 33807 | D:15     | Found a snail-covered altar of Cheibriados.
 33921 | D:15     | Found Teol's Distillery.
 34126 | D:15     | Found a staircase to the Depths.
 34193 | D:15     | Reached skill level 15 in Short Blades
 34967 | Spider:1 | Entered Level 1 of the Spider Nest
 35411 | Spider:1 | Received a gift from Trog
 35414 | Spider:1 | Reached XP level 16. HP: 84/84 MP: 17/17
 35711 | Spider:1 | Reached skill level 19 in Dodging
 36252 | Spider:1 | Received a gift from Trog
 36783 | Spider:2 | Noticed Arachne
 37038 | Spider:2 | Killed Arachne
 37195 | Spider:2 | Noticed Jorgrun
 37844 | Spider:2 | Received a gift from Trog
 37940 | Spider:2 | Killed Jorgrun
 38621 | Spider:3 | Noticed Donald
 38626 | Spider:3 | Killed Donald
 38653 | Spider:3 | Reached skill level 10 in Fighting
 39428 | Spider:3 | Reached XP level 17. HP: 89/89 MP: 6/18
 39621 | Spider:4 | Entered Level 4 of the Spider Nest
 39675 | Spider:3 | Received a gift from Trog
 39678 | Spider:3 | Got a smoking dagger {god gift}
 39690 | Spider:3 | Identified the +4 dagger "Guakhim" {flame, rPois Str+6
                  | Dex-3} (Trog gifted it to you on level 3 of the Spider
                  | Nest)
 40071 | Spider:4 | Reached skill level 20 in Dodging
 40964 | Spider:4 | Received a gift from Trog
 41204 | Spider:4 | Got a gossamer rune of Zot
 41582 | Shoals:1 | Entered Level 1 of the Shoals
 41582 | Shoals:1 | Identified Roxanne's Compendium of Earth
 41582 | Shoals:1 | Noticed Roxanne
 41665 | Shoals:1 | Killed Roxanne
 41840 | Shoals:1 | Noticed Josephine
 41860 | Shoals:1 | Killed Josephine
 41939 | Shoals:1 | Found Plog's Armour Boutique.
 41977 | Shoals:1 | Got a fine buckler
 41999 | Shoals:1 | Identified the cursed +0 buckler of Cory {*Corrode Will++
                  | Int+4 SInv} (You found it on level 1 of the Shoals)
 42220 | Shoals:1 | Noticed Louise
 42258 | Shoals:1 | Killed Louise
 42389 | Shoals:1 | Reached skill level 10 in Armour
 42500 | Shoals:1 | Received a gift from Trog
 43275 | Shoals:2 | Noticed Aizul
 43309 | Shoals:2 | Killed Aizul
 43445 | Shoals:2 | Noticed Ilsuiw
 43446 | Shoals:2 | Found Lolyomuo's Distillery.
 43826 | Shoals:2 | Bought a potion of curing for 42 gold pieces
 43826 | Shoals:2 | Bought a potion of mutation for 112 gold pieces
 43826 | Shoals:2 | Bought a potion of flight for 42 gold pieces
 43826 | Shoals:2 | Bought a potion of heal wounds for 70 gold pieces
 43826 | Shoals:2 | Bought a potion of resistance for 140 gold pieces
 44233 | Shoals:2 | Killed Ilsuiw
 44234 | Shoals:2 | Reached XP level 18. HP: 69/96 MP: 6/19
 44488 | Shoals:2 | Reached skill level 21 in Dodging
 44682 | Shoals:3 | Received a gift from Trog
 45305 | Shoals:3 | Found a shadowy altar of Dithmenos.
 45582 | Shoals:4 | Entered Level 4 of the Shoals
 46762 | Shoals:4 | Found Ywoduhy's Gadget Shop.
 47197 | Shoals:4 | Received a gift from Trog
 47698 | Shoals:4 | Noticed Nikola
 47702 | Shoals:4 | Killed Nikola
 47989 | Shoals:4 | Got a barnacled rune of Zot
 48057 | Shoals:4 | Identified the ring of Qoem {*Corrode Str+4 Dex+6}
 48405 | Depths:1 | Entered Level 1 of the Depths
 48495 | Depths:1 | Received a gift from Trog
 49508 | Depths:1 | Found a gateway to Hell.
 49865 | Depths:1 | Reached skill level 22 in Dodging
 49951 | Depths:1 | Reached XP level 19. HP: 79/100 MP: 6/20
 50449 | Depths:1 | Received a gift from Trog
 51324 | Depths:2 | Found the +8 Wrath of Trog {antimagic, *Rage}
 51797 | Depths:2 | Got a steaming steel amulet
 51812 | Depths:2 | Identified the amulet "Myw Siwu" {Reflect rC+ MP-9 Slay+3
                  | SH+5 Stlth+} (You found it on level 2 of the Depths)
 51855 | Depths:2 | Noticed a lich
 51885 | Depths:2 | Killed a lich
 52064 | Depths:2 | Received a gift from Trog
 52091 | Depths:2 | Got a slimy short sword {god gift}
 52092 | Depths:2 | Identified the +5 short sword of the Enchanted Forest
                  | {flame, Dex+7} (Trog gifted it to you on level 2 of the
                  | Depths)
 53261 | Depths:3 | Reached skill level 23 in Dodging
 53264 | Depths:3 | You fall into a shaft and drop 2 floors!
 53264 | Depths:5 | Entered Level 5 of the Depths
 53763 | Depths:5 | Noticed a golden dragon
 53806 | Depths:5 | Killed a golden dragon
 53837 | Depths:5 | Reached XP level 20. HP: 58/104 MP: 7/21
 54336 | Depths:5 | Found a gate to the Realm of Zot.
 54416 | Depths:5 | Received a gift from Trog
 54719 | Depths:5 | Found a one-way gate to the infinite horrors of the Abyss.
 54754 | Depths:5 | Found a gateway to a ziggurat.
 54766 | Depths:5 | Identified the +2 great sword "Qityitaf" {vorpal, +Inv rF-
                  | rC+ Will+}
 55312 | Depths:5 | Killed from afar by a shadow dragon

Illustrated notes

Levels and vault maps discovered:
D:1:      sevenhm_arrival_forest_fort_small_4, layout_basic,
          evilmike_ruin_ashenzari
D:2:      layout_loops_ring, chequers_ecumenical_altar_grove, uniq_natasha,
          uniq_crazy_yiuf_cottage
D:3:      layout_basic, uniq_sigmund
D:4:      layout_rooms
D:5:      layout_layer_cave, grunt_dithmenos_smoke_and_mirrors
D:6:      layout_loops_cross
D:7:      wad_pebble_path, layout_basic, minmay_temple_entry_offerings,
          serial_shops, shop_statue, basic_altar, uniq_menkaure, uniq_pikel
D:8:      layout_cave_pools, kiku_gazebo_garden_becter, special_room
          [special_room_orc], uniq_prince_ribbit1, uniq_maggie
D:9:      layout_irregular_city, tso_metal_star
D:10:     layout_rooms, due_lair_maze_entry_diamond
D:11:     layout_loops_ring
D:12:     minmay_the_grid_octo_2x2 [minmay_the_grid_octo_odd_swirl,
          minmay_the_grid_octo_fan_narrow, minmay_the_grid_octo_chip,
          minmay_the_grid_octo_prize_big_c], layout_loops_corners,
          hiddenorc2_lemuel, uniq_kirke
D:13:     layout_basic, serial_shops, shop
D:14:     layout_cave_pools, david_vaults_1,
          portal_ice_cave_entry_animals_and_master,
          kennysheep_decorative_pillar, hex_tiny
D:15:     gammafunk_depths_entry_grave, layout_grid_maze, basic_altar,
          serial_shops, shop_statue, dk_noncrumbling_3, abandoned_shop
Temple:   grunt_wide_crystal_templ
Lair:1:   layout_cave_pods, basic_altar, serial_bayou_shore_b
Lair:2:   layout_regular_city, nicolae_spider_entry_non_spiders,
          grunt_megastairs_2
Lair:3:   layout_chaotic_city, serial_bayou_lake_a, serial_bayou_shore_a
Lair:4:   statuecave_lemuel, layout_gridlike, elwin_shoals_entry_rooms,
          dpeg_oklob_1, infiniplex_staircase_pool
Lair:5:   gammafunk_indiana_jones, layout_cave_pods, special_room
          [special_room_bee], infiniplex_staircase_pool_2
Lair:6:   minmay_lair_end_frog_pond, layout_misc_corridors, slime_altar_1
Shoals:1: layout_shoals, serial_shops, shop, uniq_louise, uniq_roxanne,
          uniq_josephine
Shoals:2: layout_shoals, serial_shops, nicolae_shop_crystal, uniq_aizul,
          uniq_ilsuiw
Shoals:3: layout_shoals, lemuel_oklob_altar
Shoals:4: shoals_end_hangedman, layout_shoals, serial_shops, shop_fountains,
          hangedman_shoal_volcano, uniq_nikola
Spider:1: layout_spider_delve
Spider:2: lemuel_spider_zombies, uniq_arachne, uniq_jorgrun
Spider:3: layout_spider_delve, uniq_donald
Spider:4: spider_rune_water
Orc:1:    layout_caves, enter_volcano_2, uniq_harold
Orc:2:    grunt_orc_tribal_feast, layout_diamond_mine, uniq_rupert
Depths:1: layout_roguey, hellmouth_1, nicolae_lava_and_water, onia_ninara_cookie
Depths:2: kennysheep_big_flooded_room, layout_gridlike, hangedman_decor_points,
          hell_entry, minivault_10, hangedman_abyss_or_decor_lesser_grid,
          minmay_guarded_unrand_wrath_of_trog
Depths:3: minmay_quarter_circles, layout_small_grid, minmay_misc_feat_chi,
          pf_coc_iceberg, abyss_entry, grunt_pan_entry_zigzag,
          minmay_staircase_bubble, minmay_shop_star
Depths:5: grunt_x_marks_the_spot, layout_basic, enter_ziggurat_c, abyss_entry,
          hell_entry

Skill      XL: |  1  2  3  4  5  6  7  8  9 10 11 12 13 14 15 16 17 18 19 20 |
---------------+-------------------------------------------------------------+-----
Stealth        | 1 2 3 4 5 6 9 10 12 14 15 17 19 20 | 20.0
Dodging        | 5 6 8 9 11 12 14 15 16 17 18 19 20 22 23 | 23.5
Fighting       | 3 4 5 6 7 9 10 11 | 11.1
Short Blades   | 4 5 6 7 8 9 11 12 13 14 15 16 17 18 19 | 19.1
Evocations     | 2 6 8 10 | 10.1
Armour         | 1 4 5 7 8 9 10 11 13 14 | 14.0
Shields        | 3 4 6 7 8 9 |  9.0

Action                   |  1- 3 |  4- 6 |  7- 9 | 10-12 | 13-15 | 16-18 | 19-21 || total
-------------------------+-------+-------+-------+-------+-------+-------+-------++-------
Melee: Short sword       |   100 |   211 |    85 |       |  1692 |   276 |       ||  2364
       Dagger            |       |       |   441 |   862 |       |       |       ||  1303
       Rapier            |       |       |       |   155 |   272 |       |       ||   427
       Quick blade       |       |       |       |       |       |  3108 |  1740 ||  4848
Invok: Berserk           |     2 |     8 |    10 |    14 |    27 |    25 |     8 ||    94
       Brothers in Arms  |       |       |       |     1 |       |     2 |       ||     3
       Trog's Hand       |       |       |       |       |     1 |     2 |     2 ||     5
Evoke: Wand              |       |       |     3 |    29 |    13 |    23 |    12 ||    80
       Tin of tremorston |       |       |       |       |     1 |     1 |       ||     2
       Lightning rod     |       |       |       |       |       |     4 |       ||     4
  Use: Scroll            |       |     3 |    10 |    15 |     7 |    13 |     7 ||    55
       Potion            |       |       |     1 |     3 |     3 |     9 |     9 ||    25
 Stab: Sleeping          |     1 |     8 |    21 |    33 |    66 |    52 |    10 ||   191
       Distracted        |       |       |     1 |     6 |    14 |     6 |     4 ||    31
       Paralysed         |       |       |     1 |    11 |       |       |     2 ||    14
Armor: Animal skin       |     6 |    13 |       |       |       |       |       ||    19
       Robe              |       |     2 |    35 |    39 |    36 |       |       ||   112
       Troll leather arm |       |       |       |       |     6 |    98 |    14 ||   118
Dodge: Dodged            |    60 |   130 |   398 |   766 |   998 |  1410 |   623 ||  4385
       Repelled          |       |       |       |       |       |     1 |     7 ||     8
Block: Buckler           |       |       |       |    83 |   754 |  1256 |   484 ||  2577
       Reflection        |       |       |       |       |    13 |    39 |    14 ||    66

Table legend: (Time is in decaauts)
 A = Elapsed time spent in this place.
 B = Non-inter-level travel time spent in this place.
 C = Inter-level travel time spent in this place.
 D = Time resting spent in this place.
 E = Time spent auto-exploring this place.
 F = Levels seen in this place.
 G = Mean time per level.
                   A        B        C        D        E       F      G
               +--------+--------+--------+--------+--------+-----+--------+
         Total |  41605 |  39831 |   1774 |  19432 |   9991 |  38 | 1094.9 |
       Dungeon |  16808 |  16022 |    786 |   7664 |   5080 |  15 | 1120.5 |
        Temple |     51 |     45 |      6 |      0 |     42 |   1 |   51.0 |
          Lair |   7244 |   6584 |    660 |   2599 |   2330 |   6 | 1207.3 |
        Shoals |   4912 |   4787 |    125 |   2639 |    281 |   4 | 1228.0 |
   Spider Nest |   3967 |   3822 |    145 |   1715 |    925 |   4 |  991.8 |
  Orcish Mines |   2341 |   2301 |     40 |   1369 |    505 |   2 | 1170.5 |
        Depths |   4593 |   4583 |     10 |   2300 |    787 |   4 | 1148.2 |
      Ice Cave |   1225 |   1225 |      0 |    834 |     37 |   1 | 1225.0 |
       Volcano |    460 |    460 |      0 |    309 |      0 |   1 |  460.0 |
               +--------+--------+--------+--------+--------+-----+--------+

Top non-repeatable levels by time:
Depths:1: 2026 daAuts
    D:12: 1947 daAuts
     D:7: 1881 daAuts
  Lair:4: 1598 daAuts
Shoals:3: 1540 daAuts
    D:14: 1528 daAuts
     D:3: 1440 daAuts
  Lair:5: 1424 daAuts
Depths:5: 1326 daAuts
Spider:1: 1295 daAuts
  Lair:6: 1293 daAuts
   Orc:1: 1273 daAuts
     D:2: 1250 daAuts
Depths:2: 1230 daAuts
   IceCv: 1225 daAuts
